 Seeded DCSS version 0.30.1-11-g7821555f0a (webtiles) character file.

Game seed: 11494843052170448552 (custom seed)

612 Nonny the Cudgeller (level 7, -3/91 HPs)
             Began as a Minotaur Fighter on Nov 15, 2023.
             Was a Follower of Okawaru.
             Killed from afar by Ijyb (13 damage)
             ... with a bolt of acid
             ... on level 5 of the Dungeon.
             The game lasted 00:08:41 (3828 turns).

Nonny the Cudgeller (Minotaur Fighter)              Turns: 3828, Time: 00:08:42

Health: -3/91      AC: 15    Str: 22    XL:     7   Next: 20%
Magic:  7/7        EV:  2    Int:  5    God:    Okawaru [*.....]
Gold:   85         SH:  5    Dex: 14    Spells: 6/6 levels left

rFire   . . .        l - +2 whip (drain)
rCold   . . .        c - +0 buckler
rNeg    . . .        b - melded +0 scale mail
rPois   +            (helmet currently unavailable)
rElec   +            u - melded scarf {shadows}
rCorr   .            (gloves currently unavailable)
SInv    +            (boots currently unavailable)
Will    .....        (no amulet)
Stlth   +            g - ring of Biploen {rElec EV+5 Dex+4 SInv}
HPRegen 0.35/turn    (no ring)
MPRegen 0.10/turn

%: no passive effects
@: tree-form, corroded, attractive
A: stationary, stasis, torment immunity, boosted hp, (horns 2), (retaliatory
headbutt)
a: Renounce Religion, Heroism


You were on level 5 of the Dungeon.
You worshipped Okawaru.
Okawaru was aware of your devotion.
You were a tree.
You visited 2 branches of the dungeon, and saw 6 of its levels.

You collected 229 gold pieces.
You spent 144 gold pieces at shops.

Inventory:

Hand Weapons
 a - a +0 flail
 l - a +2 whip of draining (weapon)
Missiles
 k - 3 curare-tipped darts (quivered)
 o - 5 silver javelins
 r - 8 poisoned darts
Armour
 b - a +0 scale mail (melded)
 c - a +0 buckler (worn)
 u - a scarf of shadows (melded)
Jewellery
 g - the ring of Biploen (left branch) {rElec EV+5 Dex+4 SInv}
   (You found it on level 4 of the Dungeon)

   [ring of evasion]

   EV:        It affects your evasion (+5).
   Dex:       It affects your dexterity (+4).
   rElec:     It insulates you from electricity.
   SInv:      It lets you see invisible.
Scrolls
 h - a scroll of poison
 m - a scroll of blinking
Potions
 d - a potion of might
 e - a potion of resistance {unknown}
 i - a potion of brilliance
 n - 3 potions of curing
 q - 2 potions of cancellation
 t - a potion of flight


   Skills:
 + Level 5.3 Fighting
 + Level 6.2 Maces & Flails
 + Level 5.6 Armour
 - Level 0.4 Dodging
 + Level 5.0 Shields
 * Level 1.8 Invocations


You had 6 spell levels left.
You didn't know any spells.
Your spell library contained the following spells:

 Spells                   Type           Power      Damage    Failure   Level
 Portal Projectile        Hex/Tloc       0%         N/A       88%         3
 Leda's Liquefaction      Hex/Erth       0%         N/A       99%         4
 Alistair's Intoxication  Tmut/Pois      0%         N/A       100%        5
 Borgnjor's Vile Clutch   Necr/Erth      0%         N/A       100%        5
 Eringya's Noxious Bog    Tmut/Pois      0%         N/A       100%        6
 Call Canine Familiar     Summ           Unusable   N/A       N/A         3

Dungeon Overview and Level Annotations

Branches:
Dungeon (5/15)             Temple (1/1) D:4

Altars:
Ashenzari
Cheibriados
Dithmenos
Elyvilon
Fedhas
Gozag
Makhleb
Nemelex Xobeh
Okawaru
Ru
Sif Muna
Trog
Xom
Yredelemnul
Zin
The Shining One

Shops:
D:3 *

Annotations:
D:3 1 runed translucent door, exclusion: door
D:4 2 transporters
D:5 Ijyb


Innate Abilities, Weirdness & Mutations

You are a tree.
Your roots penetrate the ground, keeping you stationary.
You cannot be teleported.
You are immune to unholy pain and torment.
Your maximum health is greatly increased.
Your equipment is partially melded.
((You have a pair of horns on your head.))
((You reflexively headbutt those who attack you in melee.))


Message History

You barely miss Ijyb.
Ijyb is severely wounded.
The orc hits you but does no damage. The iguana bites you!
* * * LOW HITPOINT WARNING * * *
Ijyb hits you but does no damage.
Unknown command.
You aren't carrying any items that you can evoke.
Unknown command.
It was a potion of attraction.
You feel attractive to monsters. The orc hits you but does no damage.
Ijyb hits you but does no damage. You block the iguana's attack.
Unknown command.
You feel better. You block the orc's attack.
The iguana bites you but does no damage.
Ijyb hits you with a +0 club.
* * * LOW HITPOINT WARNING * * *
Unknown command.
You barely miss Ijyb.
Ijyb is severely wounded.
The orc hits you but does no damage. You block the iguana's attack.
Ijyb hits you but does no damage.
You hit Ijyb.
Ijyb is severely wounded.
The iguana bites you but does no damage.
The orc hits you but does no damage.
Ijyb zaps a wand.
The bolt of acid hits you!
* * * LOW HITPOINT WARNING * * *
The acid corrodes you!
You hit Ijyb but do no damage.
Ijyb is severely wounded.
The iguana bites you but does no damage.
Ijyb hits you but does no damage. The orc hits you but does no damage.
You closely miss Ijyb.
Ijyb is severely wounded.
You hit Ijyb but do no damage. You drain Ijyb.
Ijyb is almost dead.
The orc hits you but does no damage.
Ijyb zaps a wand.
The bolt of acid hits you!
You die...

##############
#............#
#............#
#####..>.......ol#####.
.............>.♣g....).
#######.#########)......
......#.# .......
####)...# ....... ##...#
...!... ##### .#.####
.#.# .#.#


You could see Ijyb (strong, very drained), an iguana and an orc.

Vanquished Creatures
  Edmund (D:4)
  2 ogres
  An orc priest (D:5)
  2 sleepcaps
  2 orc wizards
  Robin (D:2)
  6 gnolls
  4 adders
  A shadow imp (D:5)
  2 worms
  A dart slug (D:1)
  6 orcs
  9 bats
  3 endoplasms
  A giant cockroach (D:2)
  11 goblins
  6 hobgoblins
  2 jackals (D:1)
  4 quokkas
  5 ball pythons
  3 frilled lizards (D:2)
  2 kobolds
  4 rats
79 creatures vanquished.

Notes
Turn   | Place    | Note
-------+----------+-------------------------------------------
     0 | D:1      | Nonny the Minotaur Fighter began the quest for the Orb.
     0 | D:1      | Reached XP level 1. HP: 19/19 MP: 0/0
   324 | D:1      | Reached XP level 2. HP: 27/27 MP: 1/1
   945 | D:3      | Reached XP level 3. HP: 33/33 MP: 2/2
   963 | D:3      | Found a burning altar of Makhleb.
   969 | D:3      | Reached skill level 3 in Maces & Flails
  1114 | D:3      | Found a runed translucent door.
  1194 | D:3      | Reached XP level 4. HP: 28/40 MP: 3/3
  1294 | D:4      | Found a staircase to the Ecumenical Temple.
  1305 | Temple   | Entered the Ecumenical Temple
  1448 | Temple   | Became a worshipper of Warmaster Okawaru
  1714 | D:4      | Identified the ring of Biploen {rElec EV+5 Dex+4 SInv}
  1891 | D:2      | Noticed Robin
  1916 | D:2      | Killed Robin
  1917 | D:2      | Reached skill level 4 in Maces & Flails
  2040 | D:2      | Found a sacrificial altar of Ru.
  2050 | D:2      | Reached XP level 5. HP: 47/47 MP: 4/4
  2701 | D:3      | Found Suekom's Assorted Antiques.
  2706 | D:3      | Bought a glowing scarf for 144 gold pieces
  2939 | D:4      | Noticed an ogre
  2958 | D:4      | Killed an ogre
  2958 | D:4      | Reached * piety under Okawaru
  2959 | D:4      | Reached skill level 5 in Maces & Flails
  2959 | D:4      | Reached skill level 5 in Armour
  2959 | D:4      | Reached XP level 6. HP: 13/55 MP: 5/5
  3192 | D:4      | Found a transporter.
  3225 | D:4      | Found a transporter.
  3306 | D:4      | Found a glowing golden altar of the Shining One.
  3306 | D:4      | Noticed Edmund
  3319 | D:4      | Killed Edmund
  3320 | D:4      | Reached skill level 5 in Fighting
  3320 | D:4      | Reached skill level 1 in Invocations
  3420 | D:4      | Noticed an angel
  3434 | D:4      | Found a basalt altar of Yredelemnul.
  3437 | D:4      | Noticed a profane servitor
  3735 | D:5      | Entered Level 5 of the Dungeon
  3779 | D:5      | Reached XP level 7. HP: 53/61 MP: 5/7
  3783 | D:5      | Reached skill level 6 in Maces & Flails
  3802 | D:5      | Noticed Ijyb
  3809 | D:5      | Reached skill level 5 in Shields
  3828 | D:5      | Killed from afar by Ijyb

Illustrated notes

Levels and vault maps discovered:
D:1:      ebering_hopf_link, layout_loops_ring, kennysheep_nondescript,
          chequers_avenue
D:2:      minmay_alternating_diamond, layout_rooms, basic_altar, hex_large,
          uniq_robin
D:3:      layout_basic, lightli_temple_of_fire, serial_shops, shop,
          serial_bayou_ford_a, uniq_crazy_yiuf_cottage
D:4:      gammafunk_wand_slinger, layout_loops_corners,
          grunt_temple_overflow_holy_war, minmay_temple_entry_antechambers,
          uniq_edmund
D:5:      minmay_octagon_keep, layout_basic, mainiacjoe_overflow_cross_hatched,
          mainiacjoe_overflow_concentric_impassable, portal_sewer_entry_d,
          lemuel_flamethrower_1, uniq_ijyb
Temple:   hellmonk_temple_flake

Skill      XL: |  1  2  3  4  5  6  7 |
---------------+----------------------+-----
Fighting       | 4 5 |  5.3
Shields        | 4 5 |  5.0
Maces & Flails | 3 4 5 6 |  6.2
Armour         | 4 5 |  5.6
Invocations    | 1 |  1.8
Dodging        | |  0.4

Action                     |  1- 3 |  4- 6 |  7- 9 || total
---------------------------+-------+-------+-------++-------
  Melee: Flail             |    80 |    83 |       ||   163
         Headbutt          |     6 |    26 |     4 ||    36
         Whip              |       |    21 |    30 ||    51
  Throw: Dart              |       |       |     1 ||     1
    Use: Scroll            |       |    10 |       ||    10
         Potion            |       |     2 |     4 ||     6
 Armour: Scale mail        |    45 |    31 |     7 ||    83
         Skin              |       |     3 |    17 ||    20
  Dodge: Dodged            |    37 |    63 |    18 ||   118
  Block: Buckler           |    18 |    24 |    12 ||    54
